Devils vs Penguins

Created - Friday, January 08, 2016 at 04:18

Goals
1 2 3 T
Devils 3 0 4 7
Penguins 0 0 1 1
Shots
1 2 3 T
Devils 11 6 10 27
Penguins 12 4 15 31

1st period

1. Devils , Matthew Ford 3 (Sean Collins) at 5:21
2. Devils , Curtis Hamilton 4 (Justin Dowling, Colin Miller) at 9:08
3. Devils , Sena Acolatse 3 (Justin Dowling, Curtis Hamilton) at 11:35

Penalties :
John Ramage (ALB) for Holding (Minor) at 1:33, FARM PLAYER33 (WBS) for Interference (Minor) at 14:41

2nd period

No Goal

Penalties :
Justin Vaive (WBS) for Fighting (Major) at 2:52, Chris Mueller (ALB) for Fighting (Major) at 2:52, Colin Miller (ALB) for Hooking (Minor) at 9:38

3rd period

4. Devils , Jordan Martinook 6 (Zach O'Brien, Gabriel Beaupre) at 0:24
5. Devils , Yanni Gourde 5 (Chris Mueller, Colin Miller) at 0:52
6. Penguins , Adam Clendening 10 (FARMPLAYER2, Danny Biega) at 1:04
7. Devils , Tom Kuhnhackl 3 (Scott Czarnowczan, Yanni Gourde) at 7:07
8. Devils , Chris Mueller 3 (Yanni Gourde, Gabriel Beaupre) at 9:54

Penalties :
Jordan Martinook (ALB) for Close Hand On Puck (Minor) at 1:29, Carson McMillan (WBS) for Fighting (Major) at 7:10, Curtis Hamilton (ALB) for Fighting (Major) at 7:10, Justin Vaive (WBS) for Fighting (Major) at 11:25, Matthew Ford (ALB) for Fighting (Major) at 11:25, Trevor Parkes (WBS) for Fighting (Major) at 12:04, Zach O'Brien (ALB) for Fighting (Major) at 12:04, John Ramage (ALB) for Interference (Minor) at 12:42, Carson McMillan (WBS) for Fighting (Major) at 16:19, Darren Archibald (ALB) for Fighting (Major) at 16:19, Philippe Cornet (WBS) for Fighting (Major) at 18:14, Chris Mueller (ALB) for Fighting (Major) at 18:14

Goalie Stats

Anthony Stolarz (ALB), 30 saves from 31 shots - (0.968), W, 11-9-8, 60:00 minutes
FARM GOALIE14 (WBS), 14 saves from 18 shots - (0.778), L, 0-18-1, 40:24 minutes
FARM GOALIE20 (WBS), 6 saves from 9 shots - (0.667), 19:36 minutes

Players Stats for Devils

Player Name              G  A  P  +/- PIM S  H  SB GA TA FO     MP     PP MP  PK MP  
------------------------------------------------------------------------------------
Brendan Leipsic          0  0  0   0  0   3  1  0  1  1  6/10   15:54   1:11   0:00 
Chris Mueller            1  1  2   3  10  2  3  0  3  2  6/15   16:17   0:00   6:06 
Colin Miller             0  2  2   3  2   0  1  3  3  1  0/0    21:04   0:48   0:00 
Curtis Hamilton          1  1  2   2  5   2  1  0  0  1  0/0    13:26   0:00   1:36 
Darren Archibald         0  0  0   1  5   0  0  1  0  0  0/0    10:02   0:00   0:00 
Gabriel Beaupre          0  2  2   2  0   0  0  1  0  1  0/0    24:53   1:11   5:59 
John Ramage              0  0  0   1  4   0  1  2  0  1  0/0    14:46   0:00   2:53 
Jordan Martinook         1  0  1   0  2   3  4  2  1  1  2/2    20:52   1:11   4:07 
Justin Dowling           0  2  2   2  0   1  2  1  2  1  2/9    17:37   0:00   3:12 
Matthew Ford             1  0  1   1  5   1  2  0  1  0  0/0     9:45   0:00   0:00 
Scooter Vaughan          0  0  0   1  0   2  5  1  0  1  0/0    23:31   1:11   3:36 
Scott Czarnowczan        0  1  1   2  0   1  0  0  1  4  0/0    20:48   0:48   3:24 
Sean Collins             0  1  1   1  0   1  1  2  4  0  3/5    11:32   0:48   0:00 
Sena Acolatse            1  0  1   3  0   1  5  0  0  1  0/0    16:04   0:00   0:00 
Shawn Szydlowski         0  0  0   2  0   1  2  0  0  1  0/0    12:02   0:00   0:00 
Tom Kuhnhackl            1  0  1   3  0   3  1  1  0  1  0/0    14:42   0:48   0:00 
Yanni Gourde             1  2  3   3  0   5  0  0  2  0  0/2    12:21   0:48   0:00 
Zach O'Brien             0  1  1   0  5   1  2  0  2  1  1/2    16:18   1:11   0:51 

Players Stats for Penguins

Player Name              G  A  P  +/- PIM S  H  SB GA TA FO     MP     PP MP  PK MP  
------------------------------------------------------------------------------------
Adam Clendening          1  0  1  -4  0   10 0  2  2  3  0/0    26:46   4:43   1:26 
Carson McMillan          0  0  0   0  10  3  0  1  2  0  3/6    15:10   2:00   0:00 
Charles Sarault          0  0  0  -3  0   2  2  1  2  0  10/14  18:41   3:32   0:00 
Danny Biega              0  1  1  -4  0   5  3  0  2  1  0/0    23:02   4:43   1:26 
Dustin Gazley            0  0  0  -3  0   1  2  1  3  1  2/4    18:41   3:32   0:00 
FARM PLAYER15            0  0  0  -1  0   0  1  0  0  0  0/0    19:17   3:13   0:00 
FARM PLAYER22            0  0  0  -1  0   0  0  0  0  1  0/1    19:31   3:13   0:33 
FARM PLAYER27            0  0  0  -2  0   0  0  0  1  0  0/0    14:37   0:30   0:00 
FARM PLAYER31            0  0  0   0  0   0  0  0  0  0  0/0     5:51   0:19   0:00 
FARM PLAYER33            0  0  0  -1  2   0  0  0  0  0  0/0    13:22   0:00   0:00 
FARMPLAYER2              0  1  1  -2  0   2  1  2  4  2  9/16   22:25   3:10   0:33 
Garrett Meurs            0  0  0   0  0   1  0  0  1  0  0/1    13:59   0:00   0:00 
Jason Gregoire           0  0  0  -3  0   0  0  0  1  0  0/0    14:03   1:16   0:00 
Justin Vaive             0  0  0  -3  10  1  2  2  2  1  0/0    16:16   3:15   1:32 
Patrice Cormier          0  0  0   0  0   2  3  0  2  0  0/1    19:02   3:51   1:32 
Philippe Cornet          0  0  0   0  5   2  4  0  6  0  1/1    13:44   0:00   0:27 
Ryan Olsen               0  0  0  -3  0   0  1  0  1  0  0/1     8:36   0:00   0:00 
Trevor Parkes            0  0  0   0  5   2  0  2  0  0  0/0    14:51   2:23   0:27 

3 Stars

1 - Yanni Gourde (ALB)
2 - Sena Acolatse (ALB)
3 - Anthony Stolarz (ALB)

Power Play

Devils - 0 on 1 Attempt(s) - 0.00%
Penguins - 0 on 4 Attempt(s) - 0.00%

Penalty Kill

Devils - 4 on 4 Attempt(s) - 100.00% - Score 0 goal in Penalty Kill
Penguins - 1 on 1 Attempt(s) - 100.00% - Score 0 goal in Penalty Kill

Team Stat

Devils - Hits : 31 - Faceoff Wins : 20 - Blocked Shots : 14 - Penalty Minutes : 38
Penguins - Hits : 19 - Faceoff Wins : 25 - Blocked Shots : 11 - Penalty Minutes : 32

Official

Referees : Unknown
Linesman : Unknown

Game Notes

Justin Vaive and Chris Mueller fight to a draw at 2:52 of 2nd period
FARM GOALIE20 enters game at 0:24 of 3rd period
Carson McMillan and Curtis Hamilton fight to a draw at 7:10 of 3rd period
Justin Vaive and Matthew Ford fight to a draw at 11:25 of 3rd period
Trevor Parkes and Zach O'Brien fight to a draw at 12:04 of 3rd period
Carson McMillan and Darren Archibald fight to a draw at 16:19 of 3rd period
Philippe Cornet and Chris Mueller fight to a draw at 18:14 of 3rd period

Finance

Level 1 -- Attendance: 1361 (68.05%) -- Ticket Income $47,635
Level 2 -- Attendance: 712 (71.20%) -- Ticket Income $10,680
Total Attendance: 2073 (69.10%)
Total Ticket Income: $58,315
Other Income: $28,574
Total Income: $86,889

Devils

5 vs 5 Forward 
   Center                   Left Wing                Right Wing               Time % Phy DF OF 
 1 Brendan Leipsic          Jordan Martinook         Zach O'Brien             35     1   2  2  
 2 Chris Mueller            Yanni Gourde             Tom Kuhnhackl            30     1   2  2  
 3 Justin Dowling           Curtis Hamilton          Shawn Szydlowski         22     1   2  2  
 4 Sean Collins             Darren Archibald         Matthew Ford             13     1   2  2  

5 vs 5 Defense 
   Defense                  Defense                                           Time % Phy DF OF 
 1 Scooter Vaughan          Colin Miller                                      35     1   2  2  
 2 Gabriel Beaupre          John Ramage                                       30     1   2  2  
 3 Sena Acolatse            Scott Czarnowczan                                 22     1   2  2  
 4 Colin Miller             Gabriel Beaupre                                   13     1   2  2  

PowerPlay Forward 
   Center                   Left Wing                Right Wing               Time % Phy DF OF 
 1 Brendan Leipsic          Jordan Martinook         Zach O'Brien             60     1   2  2  
 2 Sean Collins             Yanni Gourde             Tom Kuhnhackl            40     1   2  2  

PowerPlay Defense
   Defense                  Defense                                           Time % Phy DF OF 
 1 Scott Czarnowczan        Colin Miller                                      60     1   2  2  
 2 Scooter Vaughan          Gabriel Beaupre                                   40     1   2  2  

Penalty Kill 4 Players Forward 
   Center                   Wing                     Time % Phy DF OF 
 1 Chris Mueller            Jordan Martinook         60     1   2  2  
 2 Justin Dowling           Zach O'Brien             40     1   2  2  

Penalty Kill 4 Players Defense
   Defense                  Defense                  Time % Phy DF OF 
 1 Gabriel Beaupre          John Ramage              60     1   2  2  
 2 Scott Czarnowczan        Scooter Vaughan          40     1   2  2  

Penalty Kill - 3 Players Forward 
   Forward                                           Time % Phy DF OF 
 1 Chris Mueller                                     60     1   2  2  
 2 Justin Dowling                                    40     1   2  2  

Penalty Kill - 3 Players Defense
   Defense                  Defense                  Time % Phy DF OF 
 1 Gabriel Beaupre          Scott Czarnowczan        60     1   2  2  
 2 John Ramage              Sena Acolatse            40     1   2  2  

4 vs 4 Forward 
   Center                   Wing                     Time % Phy DF OF 
 1 Justin Dowling           Darren Archibald         60     1   2  2  
 2 Chris Mueller            Zach O'Brien             40     1   2  2  

4 vs 4 Defense
   Defense                  Defense                  Time % Phy DF OF 
 1 Scooter Vaughan          Scott Czarnowczan        60     1   2  2  
 2 Gabriel Beaupre          Sena Acolatse            40     1   2  2  

Last Minutes Offensive
   Center                   Left Wing                Right Wing               Defense                  Defense                  
   Jordan Martinook         Chris Mueller            Justin Dowling           Scott Czarnowczan        Colin Miller             

Last Minutes Defensive
   Center                   Left Wing                Right Wing               Defense                  Defense                  
   Jordan Martinook         Chris Mueller            Justin Dowling           Scott Czarnowczan        Colin Miller             

Goaltenders
Starting : Anthony Stolarz          
Backup : Jason Missiaen           

Extra Forwards
Normal : Tom Kuhnhackl, Justin Dowling, Chris Mueller - PP : Jordan Martinook, Matthew Ford - PK : Justin Dowling
Extra Defensemen
Normal : Sena Acolatse, John Ramage, Scott Czarnowczan - PP : Scott Czarnowczan - PK : Gabriel Beaupre, Scott Czarnowczan
Penalty Shots
Tom Kuhnhackl, Justin Dowling, Chris Mueller, Jordan Martinook, Matthew Ford

Penguins

5 vs 5 Forward 
   Center                   Left Wing                Right Wing               Time % Phy DF OF 
 1 FARMPLAYER2              Patrice Cormier          Trevor Parkes            35     1   2  2  
 2 Charles Sarault          Justin Vaive             Dustin Gazley            30     1   2  2  
 3 Carson McMillan          Philippe Cornet          Garrett Meurs            22     1   2  2  
 4 Ryan Olsen               Jason Gregoire           FARMPLAYER2              13     1   2  2  

5 vs 5 Defense 
   Defense                  Defense                                           Time % Phy DF OF 
 1 Adam Clendening          Danny Biega                                       35     1   2  2  
 2 FARM PLAYER22            FARM PLAYER15                                     30     1   2  2  
 3 FARM PLAYER27            FARM PLAYER33                                     22     1   2  2  
 4 FARM PLAYER31            Adam Clendening                                   13     1   2  2  

PowerPlay Forward 
   Center                   Left Wing                Right Wing               Time % Phy DF OF 
 1 FARMPLAYER2              Patrice Cormier          Trevor Parkes            60     1   2  2  
 2 Charles Sarault          Justin Vaive             Dustin Gazley            40     1   2  2  

PowerPlay Defense
   Defense                  Defense                                           Time % Phy DF OF 
 1 Adam Clendening          Danny Biega                                       60     1   2  2  
 2 FARM PLAYER22            FARM PLAYER15                                     40     1   2  2  

Penalty Kill 4 Players Forward 
   Center                   Wing                     Time % Phy DF OF 
 1 Patrice Cormier          Justin Vaive             60     1   2  2  
 2 Philippe Cornet          Trevor Parkes            40     1   2  2  

Penalty Kill 4 Players Defense
   Defense                  Defense                  Time % Phy DF OF 
 1 Adam Clendening          Danny Biega              60     1   2  2  
 2 FARMPLAYER2              FARM PLAYER22            40     1   2  2  

Penalty Kill - 3 Players Forward 
   Forward                                           Time % Phy DF OF 
 1 Patrice Cormier                                   60     1   2  2  
 2 Justin Vaive                                      40     1   2  2  

Penalty Kill - 3 Players Defense
   Defense                  Defense                  Time % Phy DF OF 
 1 Adam Clendening          Danny Biega              60     1   2  2  
 2 FARMPLAYER2              FARM PLAYER22            40     1   2  2  

4 vs 4 Forward 
   Center                   Wing                     Time % Phy DF OF 
 1 Patrice Cormier          Justin Vaive             60     1   2  2  
 2 Philippe Cornet          Trevor Parkes            40     1   2  2  

4 vs 4 Defense
   Defense                  Defense                  Time % Phy DF OF 
 1 Adam Clendening          Danny Biega              60     1   2  2  
 2 FARMPLAYER2              FARM PLAYER22            40     1   2  2  

Last Minutes Offensive
   Center                   Left Wing                Right Wing               Defense                  Defense                  
   FARMPLAYER2              Patrice Cormier          Trevor Parkes            Adam Clendening          Danny Biega              

Last Minutes Defensive
   Center                   Left Wing                Right Wing               Defense                  Defense                  
   FARMPLAYER2              Patrice Cormier          Trevor Parkes            Adam Clendening          Danny Biega              

Goaltenders
Starting : FARM GOALIE14            
Backup : FARM GOALIE20            

Extra Forwards
Normal : Carson McMillan, Jason Gregoire, Ryan Olsen - PP : Carson McMillan, Jason Gregoire - PK : Ryan Olsen
Extra Defensemen
Normal : FARM PLAYER27, FARM PLAYER33, FARM PLAYER31 - PP : FARM PLAYER27 - PK : FARM PLAYER33, FARM PLAYER31
Penalty Shots
FARMPLAYER2, Patrice Cormier, Justin Vaive, Philippe Cornet, Trevor Parkes

% Time on Ice - Devils

Lines # - Real PCT - Wanted PCT - Time Play
Normal Forward
1 - 31% - 35% - 15:46
2 - 23% - 30% - 11:33
3 - 24% - 22% - 12:02
4 - 21% - 13% - 10:44
Normal Defense
1 - 33% - 35% - 16:31
2 - 26% - 30% - 13:10
3 - 32% - 22% - 15:51
4 - 9% - 13% - 4:33
PP Forward
1 - 60% - 60% - 1:11
2 - 40% - 40% - 0:48
PP Defense
1 - 40% - 60% - 0:48
2 - 60% - 40% - 1:11
PK Forward
1 - 85% - 60% - 6:44
2 - 15% - 40% - 1:12
PK Defense
1 - 75% - 60% - 5:59
2 - 25% - 40% - 1:57
PK3 Forward
1 - 0% - 60%
2 - 0% - 40%
PK3 Defense
1 - 0% - 60%
2 - 0% - 40%
44 Forward
1 - 0% - 60%
2 - 0% - 40%
44 Defense
1 - 0% - 60%
2 - 0% - 40%
Last Minute Offensive  - 0:00
Last Minute Defensive  - 0:00
Total
Forward - 60:00
Defense - 60:00

% Time on Ice - Penguins

Lines # - Real PCT - Wanted PCT - Time Play
Normal Forward
1 - 27% - 35% - 13:39
2 - 30% - 30% - 15:09
3 - 28% - 22% - 13:59
4 - 15% - 13% - 7:18
Normal Defense
1 - 34% - 35% - 16:53
2 - 31% - 30% - 15:44
3 - 27% - 22% - 13:21
4 - 8% - 13% - 4:07
PP Forward
1 - 49% - 60% - 3:51
2 - 51% - 40% - 4:05
PP Defense
1 - 59% - 60% - 4:43
2 - 41% - 40% - 3:13
PK Forward
1 - 77% - 60% - 1:32
2 - 23% - 40% - 0:27
PK Defense
1 - 72% - 60% - 1:26
2 - 28% - 40% - 0:33
PK3 Forward
1 - 0% - 60%
2 - 0% - 40%
PK3 Defense
1 - 0% - 60%
2 - 0% - 40%
44 Forward
1 - 0% - 60%
2 - 0% - 40%
44 Defense
1 - 0% - 60%
2 - 0% - 40%
Last Minute Offensive  - 0:00
Last Minute Defensive  - 0:00
Total
Forward - 60:00
Defense - 60:00

Play by Play

1st period


0:01 of 1st period - Brendan Leipsic wins face-off versus FARMPLAYER2 in neutral zone.
0:06 of 1st period - FARMPLAYER2 is hit by Scooter Vaughan and loses puck.
0:15 of 1st period - Slapshot by Adam Clendening.
0:15 of 1st period - Stopped by Anthony Stolarz with a rebound.
0:17 of 1st period - Snap shot by Danny Biega.
0:17 of 1st period - Shot Misses the Net.
0:19 of 1st period - Snap shot by FARMPLAYER2.
0:19 of 1st period - Shot Misses the Net.
0:21 of 1st period - Snap shot by Danny Biega.
0:21 of 1st period - Shot Misses the Net.
0:23 of 1st period - Slapshot by Adam Clendening.
0:23 of 1st period - Stopped by Anthony Stolarz with a rebound.
0:29 of 1st period - Snap shot by Adam Clendening.
0:29 of 1st period - Deflect By Jordan Martinook.
0:29 of 1st period - Stopped by Anthony Stolarz with a rebound.
0:33 of 1st period - Wrist shot by FARMPLAYER2.
0:33 of 1st period - Shot Misses the Net.
0:35 of 1st period - Slapshot by Danny Biega.
0:35 of 1st period - Deflect By FARMPLAYER2.
0:35 of 1st period - Deflect By Colin Miller.
0:35 of 1st period - Shot Misses the Net.
0:35 of 1st period - Puck is out of play.
0:36 of 1st period - Charles Sarault wins face-off versus Chris Mueller in Devils zone.
1:33 of 1st period - Minor Penalty to John Ramage for Holding.
1:34 of 1st period - FARMPLAYER2 wins face-off versus Chris Mueller in Devils zone.
2:25 of 1st period - Snap shot by Dustin Gazley.
2:25 of 1st period - Stopped by Anthony Stolarz without a rebound.
2:26 of 1st period - Charles Sarault wins face-off versus Chris Mueller in Devils zone.
2:54 of 1st period - Icing by Charles Sarault.
2:55 of 1st period - FARMPLAYER2 wins face-off versus Chris Mueller in Penguins zone.
3:33 of 1st period - Penalty to John Ramage is over, John Ramage is back on ice.
3:58 of 1st period - Snap shot by Danny Biega.
3:58 of 1st period - Shot Misses the Net.
4:00 of 1st period - Slapshot by Danny Biega.
4:00 of 1st period - Stopped by Anthony Stolarz with a rebound.
4:02 of 1st period - Wrist shot by Carson McMillan.
4:02 of 1st period - Shot Misses the Net.
4:04 of 1st period - Slapshot by Danny Biega.
4:04 of 1st period - Stopped by Anthony Stolarz with a rebound.
4:06 of 1st period - Slapshot by Danny Biega.
4:06 of 1st period - Shot Blocked by Gabriel Beaupre.
4:17 of 1st period - Backhand shot by Adam Clendening.
4:17 of 1st period - Stopped by Anthony Stolarz with a rebound.
4:19 of 1st period - Slapshot by Danny Biega.
4:19 of 1st period - Shot Misses the Net.
5:21 of 1st period - Wrist shot by Matthew Ford.
5:21 of 1st period - Goal by Matthew Ford - Devils : 1 - Penguins : 0.
5:22 of 1st period - Charles Sarault wins face-off versus Sean Collins in neutral zone.
5:25 of 1st period - Snap shot by Justin Vaive.
5:25 of 1st period - Shot Blocked by Darren Archibald.
5:35 of 1st period - Charles Sarault is hit by Sena Acolatse and loses puck.
6:09 of 1st period - Carson McMillan is hit by Shawn Szydlowski and loses puck.
6:26 of 1st period - Carson McMillan is hit by Sena Acolatse and loses puck.
6:31 of 1st period - Snap shot by Justin Dowling.
6:31 of 1st period - Shot Blocked by Carson McMillan.
7:04 of 1st period - Snap shot by Brendan Leipsic.
7:04 of 1st period - Stopped by FARM GOALIE14 with a rebound.
7:37 of 1st period - Wrist shot by Yanni Gourde.
7:37 of 1st period - Stopped by FARM GOALIE14 with a rebound.
8:22 of 1st period - Slapshot by Adam Clendening.
8:22 of 1st period - Deflect By Sean Collins.
8:22 of 1st period - Stopped by Anthony Stolarz with a rebound.
8:24 of 1st period - Slapshot by Carson McMillan.
8:24 of 1st period - Stopped by Anthony Stolarz with a rebound.
8:26 of 1st period - Snap shot by Philippe Cornet.
8:26 of 1st period - Shot Blocked by Sean Collins.
9:06 of 1st period - Snap shot by Justin Dowling.
9:06 of 1st period - Stopped by FARM GOALIE14 with a rebound.
9:08 of 1st period - Snap shot by Curtis Hamilton.
9:08 of 1st period - Goal by Curtis Hamilton - Devils : 2 - Penguins : 0.
9:09 of 1st period - Brendan Leipsic wins face-off versus Charles Sarault in neutral zone.
9:42 of 1st period - Slapshot by Adam Clendening.
9:42 of 1st period - Shot Misses the Net.
10:01 of 1st period - Zach O'Brien is hit by Danny Biega and loses puck.
10:10 of 1st period - Carson McMillan is hit by Zach O'Brien and loses puck.
10:40 of 1st period - Slapshot by FARMPLAYER2.
10:40 of 1st period - Shot Misses the Net.
10:42 of 1st period - Wrist shot by Trevor Parkes.
10:42 of 1st period - Deflect By Colin Miller.
10:42 of 1st period - Stopped by Anthony Stolarz with a rebound.
10:44 of 1st period - Snap shot by FARMPLAYER2.
10:44 of 1st period - Shot Misses the Net.
10:46 of 1st period - Snap shot by Trevor Parkes.
10:46 of 1st period - Shot Misses the Net.
10:48 of 1st period - Wrist shot by Patrice Cormier.
10:48 of 1st period - Stopped by Anthony Stolarz without a rebound.
10:49 of 1st period - Chris Mueller wins face-off versus Dustin Gazley in Devils zone.
11:35 of 1st period - Slapshot by Sena Acolatse.
11:35 of 1st period - Deflect By FARMPLAYER2.
11:35 of 1st period - Goal by Sena Acolatse - Devils : 3 - Penguins : 0.
11:36 of 1st period - Carson McMillan wins face-off versus Justin Dowling in neutral zone.
11:45 of 1st period - Slapshot by Justin Dowling.
11:45 of 1st period - Shot Misses the Net.
12:25 of 1st period - Charles Sarault is hit by Chris Mueller and loses puck.
12:30 of 1st period - Wrist shot by Yanni Gourde.
12:30 of 1st period - Stopped by FARM GOALIE14 with a rebound.
12:32 of 1st period - Snap shot by Chris Mueller.
12:32 of 1st period - Shot Misses the Net.
12:34 of 1st period - Wrist shot by Chris Mueller.
12:34 of 1st period - Deflect By Yanni Gourde.
12:34 of 1st period - Shot Blocked by Dustin Gazley.
12:34 of 1st period - Puck is out of play.
12:35 of 1st period - Charles Sarault wins face-off versus Yanni Gourde in Penguins zone.
12:46 of 1st period - Wrist shot by Yanni Gourde.
12:46 of 1st period - Stopped by FARM GOALIE14 with a rebound.
12:48 of 1st period - Slapshot by Colin Miller.
12:48 of 1st period - Shot Misses the Net.
12:50 of 1st period - Slapshot by Chris Mueller.
12:50 of 1st period - Shot Blocked by Justin Vaive.
12:52 of 1st period - Slapshot by Colin Miller.
12:52 of 1st period - Shot Blocked by Justin Vaive.
13:05 of 1st period - Icing by Chris Mueller.
13:06 of 1st period - Chris Mueller wins face-off versus FARMPLAYER2 in Devils zone.
13:13 of 1st period - FARMPLAYER2 is hit by Scooter Vaughan and loses puck.
14:13 of 1st period - Wrist shot by Justin Dowling.
14:13 of 1st period - Shot Misses the Net.
14:15 of 1st period - Snap shot by Curtis Hamilton.
14:15 of 1st period - Stopped by FARM GOALIE14 with a rebound.
14:21 of 1st period - Snap shot by Curtis Hamilton.
14:21 of 1st period - Shot Misses the Net.
14:23 of 1st period - Wrist shot by Shawn Szydlowski.
14:23 of 1st period - Stopped by FARM GOALIE14 with a rebound.
14:41 of 1st period - Minor Penalty to FARM PLAYER33 for Interference.
14:42 of 1st period - Sean Collins wins face-off versus Patrice Cormier in Penguins zone.
15:44 of 1st period - Snap shot by Brendan Leipsic.
15:44 of 1st period - Stopped by FARM GOALIE14 with a rebound.
16:07 of 1st period - Icing by Gabriel Beaupre.
16:08 of 1st period - Philippe Cornet wins face-off versus Brendan Leipsic in Devils zone.
16:19 of 1st period - Wrist shot by Philippe Cornet.
16:19 of 1st period - Shot Blocked by Jordan Martinook.
16:41 of 1st period - Penalty to FARM PLAYER33 is over, FARM PLAYER33 is back on ice.
16:49 of 1st period - Carson McMillan is hit by Justin Dowling.
17:54 of 1st period - Gabriel Beaupre is hit by Charles Sarault and loses puck.
18:17 of 1st period - Backhand shot by Adam Clendening.
18:17 of 1st period - Stopped by Anthony Stolarz without a rebound.
18:18 of 1st period - Chris Mueller wins face-off versus FARMPLAYER2 in Devils zone.
18:48 of 1st period - Icing by Tom Kuhnhackl.
18:49 of 1st period - Chris Mueller wins face-off versus Ryan Olsen in Devils zone.
19:17 of 1st period - Snap shot by Matthew Ford.
19:17 of 1st period - Shot Blocked by FARMPLAYER2.
19:23 of 1st period - Wrist shot by Matthew Ford.
19:23 of 1st period - Deflect By Sean Collins.
19:23 of 1st period - Shot Misses the Net.
19:23 of 1st period - Puck is out of play.
19:24 of 1st period - Carson McMillan wins face-off versus Sean Collins in Penguins zone.
19:24 of 1st period - Carson McMillan is hit by Scooter Vaughan.
19:29 of 1st period - Off-side.
19:30 of 1st period - Brendan Leipsic wins face-off versus Carson McMillan in neutral zone.
19:49 of 1st period - Jordan Martinook is hit by Philippe Cornet.
Goals for this period are 3 for Devils vs 0 for Penguins.
Shots for this period are 11 for Devils vs 12 for Penguins.

2nd period


0:01 of 2nd period - FARMPLAYER2 wins face-off versus Brendan Leipsic in neutral zone.
0:16 of 2nd period - Snap shot by FARMPLAYER2.
0:16 of 2nd period - Stopped by Anthony Stolarz with a rebound.
0:18 of 2nd period - Slapshot by FARMPLAYER2.
0:18 of 2nd period - Shot Misses the Net.
1:15 of 2nd period - Scott Czarnowczan is hit by Danny Biega.
1:20 of 2nd period - Off-side.
1:21 of 2nd period - Sean Collins wins face-off versus Carson McMillan in neutral zone.
1:46 of 2nd period - Wrist shot by Philippe Cornet.
1:46 of 2nd period - Shot Blocked by Scooter Vaughan.
1:48 of 2nd period - Wrist shot by Carson McMillan.
1:48 of 2nd period - Stopped by Anthony Stolarz with a rebound.
1:50 of 2nd period - Slapshot by Carson McMillan.
1:50 of 2nd period - Shot Blocked by Sean Collins.
1:52 of 2nd period - Snap shot by Philippe Cornet.
1:52 of 2nd period - Shot Misses the Net.
2:12 of 2nd period - Shawn Szydlowski is hit by FARMPLAYER2 and loses puck.
2:50 of 2nd period - Tom Kuhnhackl is hit by Dustin Gazley and loses puck.
2:52 of 2nd period - Justin Vaive and Chris Mueller fight to a draw.
2:52 of 2nd period - Penalty to Justin Vaive for Fighting.
2:52 of 2nd period - Penalty to Chris Mueller for Fighting.
2:53 of 2nd period - Dustin Gazley wins face-off versus Zach O'Brien in Devils zone.
3:04 of 2nd period - Snap shot by Brendan Leipsic.
3:04 of 2nd period - Deflect By Jordan Martinook.
3:04 of 2nd period - Stopped by FARM GOALIE14 with a rebound.
3:21 of 2nd period - Off-side.
3:22 of 2nd period - Justin Dowling wins face-off versus FARMPLAYER2 in neutral zone.
3:45 of 2nd period - Snap shot by Yanni Gourde.
3:45 of 2nd period - Stopped by FARM GOALIE14 with a rebound.
5:06 of 2nd period - Philippe Cornet is hit by Jordan Martinook and loses puck.
5:15 of 2nd period - Carson McMillan is hit by Jordan Martinook and loses puck.
5:47 of 2nd period - Wrist shot by FARMPLAYER2.
5:47 of 2nd period - Shot Misses the Net.
6:20 of 2nd period - Jason Gregoire is hit by Sena Acolatse and loses puck.
7:13 of 2nd period - John Ramage is hit by Philippe Cornet and loses puck.
7:58 of 2nd period - Off-side.
7:59 of 2nd period - Brendan Leipsic wins face-off versus Dustin Gazley in neutral zone.
8:30 of 2nd period - Wrist shot by Colin Miller.
8:30 of 2nd period - Shot Blocked by FARMPLAYER2.
8:32 of 2nd period - Wrist shot by Matthew Ford.
8:32 of 2nd period - Shot Misses the Net.
8:34 of 2nd period - Slapshot by Scooter Vaughan.
8:34 of 2nd period - Stopped by FARM GOALIE14 with a rebound.
9:14 of 2nd period - Snap shot by Zach O'Brien.
9:14 of 2nd period - Shot Misses the Net.
9:16 of 2nd period - Backhand shot by Brendan Leipsic.
9:16 of 2nd period - Shot Hit the Post.
9:18 of 2nd period - Wrist shot by Brendan Leipsic.
9:18 of 2nd period - Stopped by FARM GOALIE14 with a rebound.
9:38 of 2nd period - Minor Penalty to Colin Miller for Hooking.
9:39 of 2nd period - Charles Sarault wins face-off versus Chris Mueller in Devils zone.
9:49 of 2nd period - Slapshot by Danny Biega.
9:49 of 2nd period - Shot Misses the Net.
9:51 of 2nd period - Wrist shot by Charles Sarault.
9:51 of 2nd period - Stopped by Anthony Stolarz with a rebound.
9:53 of 2nd period - Wrist shot by Justin Vaive.
9:53 of 2nd period - Shot Misses the Net.
9:55 of 2nd period - Slapshot by Adam Clendening.
9:55 of 2nd period - Shot Misses the Net.
9:57 of 2nd period - Snap shot by Danny Biega.
9:57 of 2nd period - Shot Blocked by Jordan Martinook.
11:35 of 2nd period - Wrist shot by Patrice Cormier.
11:35 of 2nd period - Shot Misses the Net.
11:37 of 2nd period - Snap shot by FARM PLAYER27.
11:37 of 2nd period - Shot Misses the Net.
11:38 of 2nd period - Penalty to Colin Miller is over, Colin Miller is back on ice.
12:11 of 2nd period - Jason Gregoire is hit by Sean Collins and loses puck.
12:18 of 2nd period - Snap shot by Sean Collins.
12:18 of 2nd period - Shot Misses the Net.
12:26 of 2nd period - Matthew Ford is hit by Ryan Olsen and loses puck.
12:51 of 2nd period - Snap shot by Jordan Martinook.
12:51 of 2nd period - Deflect By Zach O'Brien.
12:51 of 2nd period - Stopped by FARM GOALIE14 with a rebound.
13:09 of 2nd period - Charles Sarault is hit by Sena Acolatse and loses puck.
14:49 of 2nd period - Slapshot by Chris Mueller.
14:49 of 2nd period - Shot Blocked by Trevor Parkes.
15:33 of 2nd period - Slapshot by Carson McMillan.
15:33 of 2nd period - Stopped by Anthony Stolarz with a rebound.
16:01 of 2nd period - Wrist shot by Brendan Leipsic.
16:01 of 2nd period - Shot Misses the Net.
16:03 of 2nd period - Slapshot by Jordan Martinook.
16:03 of 2nd period - Stopped by FARM GOALIE14 with a rebound.
16:27 of 2nd period - Charles Sarault is hit by Scooter Vaughan and loses puck.
17:21 of 2nd period - Sena Acolatse is hit by Danny Biega and loses puck.
17:55 of 2nd period - Philippe Cornet is hit by Matthew Ford and loses puck.
18:10 of 2nd period - Scooter Vaughan is hit by Philippe Cornet and loses puck.
18:22 of 2nd period - Garrett Meurs is hit by Colin Miller and loses puck.
19:31 of 2nd period - FARM PLAYER31 is hit by Chris Mueller and loses puck.
19:54 of 2nd period - Gabriel Beaupre is hit by Dustin Gazley and loses puck.
19:58 of 2nd period - Icing by Gabriel Beaupre.
19:59 of 2nd period - Justin Dowling wins face-off versus FARM PLAYER22 in Devils zone.
Goals for this period are 0 for Devils vs 0 for Penguins.
Shots for this period are 6 for Devils vs 4 for Penguins.

3rd period


0:01 of 3rd period - Jordan Martinook wins face-off versus FARMPLAYER2 in neutral zone.
0:24 of 3rd period - Snap shot by Jordan Martinook.
0:24 of 3rd period - Goal by Jordan Martinook - Devils : 4 - Penguins : 0.
0:24 of 3rd period - FARM GOALIE20 enters game.
0:25 of 3rd period - Charles Sarault wins face-off versus Yanni Gourde in neutral zone.
0:40 of 3rd period - Slapshot by Adam Clendening.
0:40 of 3rd period - Stopped by Anthony Stolarz without a rebound.
0:41 of 3rd period - Charles Sarault wins face-off versus Chris Mueller in Devils zone.
0:52 of 3rd period - Wrist shot by Yanni Gourde.
0:52 of 3rd period - Goal by Yanni Gourde - Devils : 5 - Penguins : 0.
0:53 of 3rd period - Zach O'Brien wins face-off versus FARMPLAYER2 in neutral zone.
1:04 of 3rd period - Slapshot by Adam Clendening.
1:04 of 3rd period - Goal by Adam Clendening - Devils : 5 - Penguins : 1.
1:05 of 3rd period - FARMPLAYER2 wins face-off versus Brendan Leipsic in neutral zone.
1:10 of 3rd period - Slapshot by FARMPLAYER2.
1:10 of 3rd period - Shot Misses the Net.
1:12 of 3rd period - Slapshot by Adam Clendening.
1:12 of 3rd period - Shot Blocked by Colin Miller.
1:14 of 3rd period - Wrist shot by FARMPLAYER2.
1:14 of 3rd period - Shot Misses the Net.
1:29 of 3rd period - Minor Penalty to Jordan Martinook for Close Hand On Puck.
1:30 of 3rd period - Chris Mueller wins face-off versus Charles Sarault in Devils zone.
1:30 of 3rd period - Chris Mueller is hit by Justin Vaive.
1:45 of 3rd period - Slapshot by Danny Biega.
1:45 of 3rd period - Stopped by Anthony Stolarz without a rebound.
1:46 of 3rd period - Charles Sarault wins face-off versus Chris Mueller in Devils zone.
1:51 of 3rd period - Slapshot by Adam Clendening.
1:51 of 3rd period - Shot Misses the Net.
1:53 of 3rd period - Slapshot by Danny Biega.
1:53 of 3rd period - Stopped by Anthony Stolarz with a rebound.
2:04 of 3rd period - Slapshot by Adam Clendening.
2:04 of 3rd period - Stopped by Anthony Stolarz with a rebound.
2:20 of 3rd period - Justin Dowling is hit by Charles Sarault and loses puck.
2:35 of 3rd period - Adam Clendening is hit by Curtis Hamilton and loses puck.
2:57 of 3rd period - Patrice Cormier is hit by Chris Mueller and loses puck.
3:11 of 3rd period - Icing by FARM PLAYER22.
3:12 of 3rd period - FARMPLAYER2 wins face-off versus Justin Dowling in Penguins zone.
3:27 of 3rd period - Scott Czarnowczan is hit by FARM PLAYER15 and loses puck.
3:29 of 3rd period - Penalty to Jordan Martinook is over, Jordan Martinook is back on ice.
3:52 of 3rd period - Snap shot by Philippe Cornet.
3:52 of 3rd period - Stopped by Anthony Stolarz with a rebound.
4:31 of 3rd period - Jason Gregoire is hit by Jordan Martinook and loses puck.
4:51 of 3rd period - Wrist shot by Jason Gregoire.
4:51 of 3rd period - Shot Misses the Net.
5:03 of 3rd period - Wrist shot by Dustin Gazley.
5:03 of 3rd period - Shot Misses the Net.
5:05 of 3rd period - Wrist shot by Justin Vaive.
5:05 of 3rd period - Shot Misses the Net.
5:07 of 3rd period - Wrist shot by Charles Sarault.
5:07 of 3rd period - Deflect By Colin Miller.
5:07 of 3rd period - Stopped by Anthony Stolarz with a rebound.
6:24 of 3rd period - Danny Biega is hit by Sena Acolatse and loses puck.
6:55 of 3rd period - Snap shot by Chris Mueller.
6:55 of 3rd period - Shot Misses the Net.
6:59 of 3rd period - Snap shot by Yanni Gourde.
6:59 of 3rd period - Shot Blocked by Adam Clendening.
7:01 of 3rd period - Slapshot by Scott Czarnowczan.
7:01 of 3rd period - Stopped by FARM GOALIE20 with a rebound.
7:03 of 3rd period - Slapshot by Scott Czarnowczan.
7:03 of 3rd period - Shot Blocked by Charles Sarault.
7:05 of 3rd period - Snap shot by Tom Kuhnhackl.
7:05 of 3rd period - Shot Blocked by Adam Clendening.
7:07 of 3rd period - Wrist shot by Tom Kuhnhackl.
7:07 of 3rd period - Goal by Tom Kuhnhackl - Devils : 6 - Penguins : 1.
7:08 of 3rd period - Carson McMillan wins face-off versus Justin Dowling in neutral zone.
7:10 of 3rd period - Carson McMillan and Curtis Hamilton fight to a draw.
7:10 of 3rd period - Penalty to Carson McMillan for Fighting.
7:10 of 3rd period - Penalty to Curtis Hamilton for Fighting.
7:11 of 3rd period - Dustin Gazley wins face-off versus Justin Dowling in Devils zone.
7:16 of 3rd period - Snap shot by Justin Vaive.
7:16 of 3rd period - Stopped by Anthony Stolarz with a rebound.
7:18 of 3rd period - Snap shot by Dustin Gazley.
7:18 of 3rd period - Shot Misses the Net.
7:36 of 3rd period - Snap shot by Tom Kuhnhackl.
7:36 of 3rd period - Stopped by FARM GOALIE20 with a rebound.
7:46 of 3rd period - Snap shot by Justin Dowling.
7:46 of 3rd period - Shot Misses the Net.
8:04 of 3rd period - Slapshot by Danny Biega.
8:04 of 3rd period - Stopped by Anthony Stolarz with a rebound.
8:10 of 3rd period - Philippe Cornet is hit by Brendan Leipsic and loses puck.
8:17 of 3rd period - Wrist shot by Philippe Cornet.
8:17 of 3rd period - Stopped by Anthony Stolarz with a rebound.
8:19 of 3rd period - Snap shot by Philippe Cornet.
8:19 of 3rd period - Shot Misses the Net.
9:17 of 3rd period - Wrist shot by Sean Collins.
9:17 of 3rd period - Shot Misses the Net.
9:19 of 3rd period - Slapshot by Matthew Ford.
9:19 of 3rd period - Deflect By FARMPLAYER2.
9:19 of 3rd period - Shot Blocked by Trevor Parkes.
9:19 of 3rd period - Puck is out of play.
9:20 of 3rd period - Charles Sarault wins face-off versus Chris Mueller in Penguins zone.
9:20 of 3rd period - Charles Sarault is hit by John Ramage.
9:40 of 3rd period - Wrist shot by Yanni Gourde.
9:40 of 3rd period - Shot Hit the Post.
9:42 of 3rd period - Wrist shot by Chris Mueller.
9:42 of 3rd period - Stopped by FARM GOALIE20 with a rebound.
9:44 of 3rd period - Wrist shot by Chris Mueller.
9:44 of 3rd period - Shot Misses the Net.
9:46 of 3rd period - Snap shot by Tom Kuhnhackl.
9:46 of 3rd period - Stopped by FARM GOALIE20 with a rebound.
9:48 of 3rd period - Wrist shot by Chris Mueller.
9:48 of 3rd period - Shot Misses the Net.
9:52 of 3rd period - Wrist shot by Yanni Gourde.
9:52 of 3rd period - Shot Misses the Net.
9:54 of 3rd period - Slapshot by Chris Mueller.
9:54 of 3rd period - Goal by Chris Mueller - Devils : 7 - Penguins : 1.
9:55 of 3rd period - Jordan Martinook wins face-off versus Garrett Meurs in neutral zone.
10:19 of 3rd period - Zach O'Brien is hit by Philippe Cornet and loses puck.
10:44 of 3rd period - Scooter Vaughan is hit by Patrice Cormier and loses puck.
11:21 of 3rd period - Scott Czarnowczan is hit by Justin Vaive and loses puck.
11:25 of 3rd period - Justin Vaive and Matthew Ford fight to a draw.
11:25 of 3rd period - Penalty to Justin Vaive for Fighting.
11:25 of 3rd period - Penalty to Matthew Ford for Fighting.
11:26 of 3rd period - Brendan Leipsic wins face-off versus Charles Sarault in Devils zone.
11:35 of 3rd period - Snap shot by Zach O'Brien.
11:35 of 3rd period - Shot Misses the Net.
11:51 of 3rd period - Icing by Colin Miller.
11:52 of 3rd period - FARMPLAYER2 wins face-off versus Brendan Leipsic in Devils zone.
12:04 of 3rd period - Trevor Parkes and Zach O'Brien fight to a draw.
12:04 of 3rd period - Penalty to Trevor Parkes for Fighting.
12:04 of 3rd period - Penalty to Zach O'Brien for Fighting.
12:05 of 3rd period - FARMPLAYER2 wins face-off versus Chris Mueller in Penguins zone.
12:05 of 3rd period - FARMPLAYER2 is hit by Tom Kuhnhackl.
12:19 of 3rd period - Snap shot by FARMPLAYER2.
12:19 of 3rd period - Shot Misses the Net.
12:23 of 3rd period - Snap shot by Adam Clendening.
12:23 of 3rd period - Shot Blocked by Tom Kuhnhackl.
12:25 of 3rd period - Slapshot by Adam Clendening.
12:25 of 3rd period - Deflect By Yanni Gourde.
12:25 of 3rd period - Stopped by Anthony Stolarz with a rebound.
12:27 of 3rd period - Snap shot by Adam Clendening.
12:27 of 3rd period - Shot Blocked by Colin Miller.
12:37 of 3rd period - Slapshot by FARMPLAYER2.
12:37 of 3rd period - Shot Blocked by Colin Miller.
12:39 of 3rd period - Snap shot by Patrice Cormier.
12:39 of 3rd period - Stopped by Anthony Stolarz without a rebound.
12:40 of 3rd period - Brendan Leipsic wins face-off versus Charles Sarault in Devils zone.
12:42 of 3rd period - Minor Penalty to John Ramage for Interference.
12:43 of 3rd period - Chris Mueller wins face-off versus FARMPLAYER2 in Devils zone.
13:54 of 3rd period - Justin Dowling is hit by Patrice Cormier and loses puck.
14:37 of 3rd period - Patrice Cormier is hit by Scooter Vaughan and loses puck.
14:42 of 3rd period - Penalty to John Ramage is over, John Ramage is back on ice.
14:50 of 3rd period - Colin Miller is hit by Patrice Cormier and loses puck.
15:46 of 3rd period - Icing by Jason Gregoire.
15:47 of 3rd period - Charles Sarault wins face-off versus Justin Dowling in Penguins zone.
15:47 of 3rd period - Charles Sarault is hit by Shawn Szydlowski.
16:08 of 3rd period - Wrist shot by Garrett Meurs.
16:08 of 3rd period - Stopped by Anthony Stolarz without a rebound.
16:09 of 3rd period - Sean Collins wins face-off versus Carson McMillan in Devils zone.
16:19 of 3rd period - Carson McMillan and Darren Archibald fight to a draw.
16:19 of 3rd period - Penalty to Carson McMillan for Fighting.
16:19 of 3rd period - Penalty to Darren Archibald for Fighting.
16:20 of 3rd period - FARMPLAYER2 wins face-off versus Justin Dowling in Penguins zone.
16:20 of 3rd period - FARMPLAYER2 is hit by Justin Dowling.
17:51 of 3rd period - Justin Vaive is hit by Jordan Martinook and loses puck.
18:14 of 3rd period - Philippe Cornet and Chris Mueller fight to a draw.
18:14 of 3rd period - Penalty to Philippe Cornet for Fighting.
18:14 of 3rd period - Penalty to Chris Mueller for Fighting.
18:15 of 3rd period - FARMPLAYER2 wins face-off versus Justin Dowling in neutral zone.
18:30 of 3rd period - Slapshot by Adam Clendening.
18:30 of 3rd period - Shot Blocked by John Ramage.
18:32 of 3rd period - Slapshot by Danny Biega.
18:32 of 3rd period - Shot Misses the Net.
18:34 of 3rd period - Slapshot by Danny Biega.
18:34 of 3rd period - Shot Blocked by John Ramage.
18:36 of 3rd period - Snap shot by Trevor Parkes.
18:36 of 3rd period - Deflect By Tom Kuhnhackl.
18:36 of 3rd period - Stopped by Anthony Stolarz with a rebound.
18:38 of 3rd period - Slapshot by FARMPLAYER2.
18:38 of 3rd period - Stopped by Anthony Stolarz with a rebound.
18:40 of 3rd period - Slapshot by Adam Clendening.
18:40 of 3rd period - Shot Misses the Net.
18:42 of 3rd period - Slapshot by Adam Clendening.
18:42 of 3rd period - Shot Blocked by Justin Dowling.
19:04 of 3rd period - Danny Biega is hit by Matthew Ford and loses puck.
19:11 of 3rd period - Slapshot by Sean Collins.
19:11 of 3rd period - Stopped by FARM GOALIE20 with a rebound.
19:13 of 3rd period - Slapshot by Scooter Vaughan.
19:13 of 3rd period - Stopped by FARM GOALIE20 with a rebound.
19:17 of 3rd period - Slapshot by Matthew Ford.
19:17 of 3rd period - Shot Misses the Net.
19:59 of 3rd period - Justin Vaive is hit by Zach O'Brien and loses puck.
Goals for this period are 4 for Devils vs 1 for Penguins.
Shots for this period are 10 for Devils vs 15 for Penguins.